 Dungeon Crawl Stone Soup version 0.19.1 (webtiles) character file.

9665 Fartwhistle the Zephyrmancer (level 11, -1/54 HPs)
             Began as a Tengu Air Elementalist on Nov 30, 2016.
             Was a Priest of Vehumet.
             Killed by nerve-wracking pain
             ... invoked by a shadow imp
              (10 damage)
             ... on level 10 of the Dungeon.
             The game lasted 00:51:25 (13863 turns).

Fartwhistle the Zephyrmancer (TeAE)                Turns: 13863, Time: 00:51:25

Health: -1/54      AC:  6    Str:  8    XL:     11   Next: 50%
Magic:  22/24      EV: 21    Int: 20    God:    Vehumet [***...]
Gold:   506        SH:  0    Dex: 14    Spells: 5 memorised, 13 levels left

rFire  . . .     SeeInvis +     C - staff of air
rCold  . . .     Gourm    .     a - +0 robe
rNeg   . . .     Faith    +     (no shield)
rPois  .         Spirit   .     R - +0 hat {SInv}
rElec  +         Reflect  .     B - +2 cloak
rCorr  .         Harm     .     w - +0 pair of gloves
MR     .....                    (boots unavailable)
Stlth  ++........               P - amulet of faith
                                (no ring)
                                F - +3 ring of evasion

@: repel missiles
A: beak, talons 3, able to fly 1
a: Fly, Renounce Religion


You were on level 10 of the Dungeon.
You worshipped Vehumet.
Vehumet was most pleased with you.
You were not hungry.

You visited 2 branches of the dungeon, and saw 11 of its levels.

You collected 668 gold pieces.
You spent 162 gold pieces at shops.

Inventory:

Hand Weapons
 n - a +0 long sword of protection
   (You took it off an orc warrior on level 7 of the Dungeon)
Missiles
 G - 2 throwing nets
Armour
 a - a +0 robe (worn)
 l - the +2 ring mail of the Harvest Moon {rPois rN+++ Dex-3}
   (You found it on level 8 of the Dungeon)

   It affects your dexterity (-3).
   It protects you from poison.
   It renders you almost immune to negative energy.
 w - a +0 pair of gloves (worn)
   (You found it on level 4 of the Dungeon)
 B - a +2 cloak (worn)
   (You took it off Crazy Yiuf on level 4 of the Dungeon)
 R - a +0 hat of see invisible (worn)
   (You took it off Gastronok on level 8 of the Dungeon)
Magical Staves
 C - an uncursed staff of air (weapon)
   (You took it off an orc on level 5 of the Dungeon)
Rods
 V - a +2 rod of shadows (9/9)
   (You found it on level 9 of the Dungeon)
Jewellery
 p - a +4 ring of strength
   (You found it on level 2 of the Dungeon)
 E - an uncursed ring of see invisible
   (You found it on level 5 of the Dungeon)
 F - a +3 ring of evasion (left hand)
   (You found it on level 5 of the Dungeon)
 M - the amulet "Kuik" {RegenMP rPois Int-5 Slay+2}
   (You found it on level 6 of the Dungeon)

   [amulet of magic regeneration]

   It increases your magic regeneration.
   It affects your intelligence (-5).
   It affects your accuracy and damage with ranged weapons and melee attacks
   (+2).
   It protects you from poison.
 P - an amulet of faith (around neck)
   (You found it on level 7 of the Dungeon)
Wands
 I - a wand of lightning (4/15)
   (You found it on level 5 of the Dungeon)
 Q - a wand of acid (9/15)
   (You found it on level 9 of the Dungeon)
 S - a wand of digging (17/24)
   (You found it on level 8 of the Dungeon)
 U - a wand of slowing (18/48)
   (You found it on level 8 of the Dungeon)
 W - a wand of disintegration (19/24)
   (You found it on level 9 of the Dungeon)
 Z - a wand of paralysis (10/24)
   (You found it on level 9 of the Dungeon)
Scrolls
 d - 3 scrolls of immolation
 i - 4 scrolls of teleportation
 m - 2 scrolls of remove curse
 o - 2 scrolls of blinking
 r - a scroll of recharging
 u - 5 scrolls of enchant weapon
 y - 2 scrolls of random uselessness {unknown}
 A - a scroll of fog
 K - 2 scrolls of amnesia
 L - 4 scrolls of magic mapping {unknown}
 Y - a scroll of enchant armour
Potions
 e - 2 potions of heal wounds
 h - a potion of invisibility {unknown}
 k - 3 potions of flight
 q - a potion of lignification {unknown}
 s - 4 potions of curing
 t - a potion of cure mutation
 v - a potion of resistance
 x - a potion of ambrosia
 z - a potion of magic
 D - a potion of haste {unknown}
 H - 3 potions of agility {unknown}
 J - a potion of might {unknown}
 T - a potion of cancellation {unknown}
Books
 O - a book of Annihilations
   (You found it on level 7 of the Dungeon)
Comestibles
 b - 9 chunks of flesh
 c - 11 bread rations
 g - 8 meat rations
 j - 3 slices of pizza


   Skills:
   Level 0.2 Short Blades
 + Level 9.9 Dodging
 - Level 2.0 Stealth
 + Level 8.4 Spellcasting
 + Level 11.4 Conjurations
 + Level 12.1 Air Magic


You had 13 spell levels left.
You knew the following spells:

 Your Spells              Type           Power        Failure   Level  Hunger
a - Shock                 Conj/Air       ####         1%          1    None
b - Swiftness             Chrm/Air       #####...     1%          2    None
c - Static Discharge      Conj/Air       ######..     1%          3    None
d - Repel Missiles        Chrm/Air       #####.       1%          2    None
e - Lightning Bolt        Conj/Air       ######....   1%          5    #####..


Dungeon Overview and Level Annotations

Branches:
Dungeon (10/15)            Temple (1/1) D:4            Lair (0/6) D:9
    Orc (0/2) D:9

Altars:
Ashenzari
Cheibriados
Dithmenos
Elyvilon
Fedhas
Gozag
Hepliaklqana
Kikubaaqudgha
Makhleb
Nemelex Xobeh
Okawaru
Qazlal
Ru
Sif Muna
Trog
Uskayaw
Vehumet
Xom
Yredelemnul
Zin
The Shining One

Shops:
D:4 [[**=

Annotations:
D:8 exclusions: obsidian statue and orange crystal statue


Innate Abilities, Weirdness & Mutations

You have a beak for a mouth.
You have claws for feet.
You can fly.


Message History

The yak bellows!
A yak and an electric eel come into view.
MP restored: 24 The electric eel shoots out a bolt of lightning at you!
The bolt of electricity hits you! You resist.
* * * LOW HITPOINT WARNING * * *
You take 2 damage, and have 35/54 hp.
You feel a surge of power!
The yak is struck by lightning.
The lightning arcs!
You are struck by lightning.
You resist.
* * * LOW HITPOINT WARNING * * *
The lightning arcs!
The yak is struck by lightning.
The lightning grounds out.
The yak is struck by lightning.
The lightning arcs!
The yak is struck by lightning.
The lightning arcs!
The yak is struck by lightning.
The lightning arcs!
The yak is struck by lightning.
The lightning grounds out.
The yak misses you.
You take 1 damage, and have 35/54 hp.
You now have 21/24 mp.
You feel a surge of power!
The yak is struck by lightning.
The lightning arcs!
The yak is struck by lightning.
The lightning grounds out.
The yak is struck by lightning.
The lightning arcs!
You are struck by lightning.
You resist.
* * * LOW HITPOINT WARNING * * *
The lightning arcs!
The yak is struck by lightning.
The lightning arcs!
The yak is struck by lightning.
The lightning grounds out.
The yak is struck by lightning.
The lightning arcs!
The yak is struck by lightning.
You kill the yak!
Vehumet accepts your kill.
You feel your power returning.
The lightning arcs!
The yak is struck by lightning.
You kill the yak!
Vehumet accepts your kill.
You feel your power returning.
The lightning arcs!
The yak is struck by lightning.
The lightning grounds out.
The yak bellows!
The yak misses you.
You feel a surge of power!
The yak is struck by lightning.
The lightning arcs!
The yak is struck by lightning.
The lightning arcs!
You are struck by lightning.
You resist.
The lightning arcs!
The yak is struck by lightning.
You kill the yak!
Vehumet accepts your kill.
You feel your power returning.
The lightning grounds out.
The yak bellows!
The yak completely misses you.
You now have 20/24 mp.
You feel a surge of power!
The yak is struck by lightning.
The lightning arcs!
The yak is struck by lightning.
The lightning arcs!
The yak is struck by lightning.
The lightning arcs!
You are struck by lightning.
You resist.
* * * LOW HITPOINT WARNING * * *
The lightning grounds out.
The yak barely misses you.
You take 1 damage, and have 34/54 hp.
You now have 18/24 mp.
The yak gores you!
* * * LOW HITPOINT WARNING * * *
You take 12 damage, and have 22/54 hp.
MASSIVE DAMAGE!!
You feel a surge of power!
The yak is struck by lightning.
You kill the yak!
Vehumet accepts your kill.
You feel your power returning.
The lightning arcs!
You are struck by lightning.
You resist.
The lightning arcs!
The yak is struck by lightning.
The lightning arcs!
You are struck by lightning.
You resist.
The yak is struck by lightning.
The lightning arcs!
You are struck by lightning.
You resist.
* * * LOW HITPOINT WARNING * * *
The lightning arcs!
The yak is struck by lightning.
The lightning arcs!
You are struck by lightning.
You resist.
* * * LOW HITPOINT WARNING * * *
The lightning arcs!
The yak is struck by lightning.
The lightning grounds out.
The yak bellows!
The yak completely misses you.
You take 2 damage, and have 20/54 hp.
The yak snorts and paws the ground.
A shadow imp comes into view.
The shadow imp shouts, "Taste defeat, thou skyhacking tardy-gaited brigand!"
You hear a shout!
The shadow imp spits at you. The shadow imp completely misses you.
You closely miss the shadow imp.
You claw the shadow imp, but do no damage.
The shadow imp misses you. The yak misses you.
An orc comes into view. It is wielding a flail.
The shadow imp hits you.
* * * LOW HITPOINT WARNING * * *
You take 5 damage, and have 17/54 hp.
The shadow imp gestures at you. Pain shoots through your body!
* * * LOW HITPOINT WARNING * * *
You take 6 damage, and have 11/54 hp.
An orc and an orc wizard come into view.
The orc barely misses you.
The electric eel shoots out a bolt of lightning at you!
The bolt of electricity hits you! You resist.
* * * LOW HITPOINT WARNING * * *
There is an open door, spattered with blood here.
Items here: ( ))) [[[ You take 3 damage, and have 8/54 hp.
You see here an arrow.
The shadow imp gestures at you. Pain shoots through your body!
You die...

#...............;≈≈≈
#................≈≈≈
#...†.#########...≈
#....##.......##..
#....#.♣##.##♣.# #....#
##...##.# #...Y# #.♣.♣.#.#
#...)# #..<..#.#.......
#>..Y# #.♣.♣.#@#..........
#>...# ##...##.#...........
#>...#.♣#####♣5#...........
#....##...((.Y##...........
#.....####Y####............
#.....Y.Y.....(.o..........
#.......Y.)..(.o...........
#..................≈.......
#.................≈)≈.!....


You could see a yak and a shadow imp.

Vanquished Creatures
  Gastronok (D:8)
  Pikel (D:6)
  Joseph (D:8)
  3 two-headed ogres
  A hippogriff (D:6)
  A spriggan (D:7)
  4 yaks (D:10)
  A wyvern (D:10)
  A hungry ghost (D:6)
  A steam dragon (D:8)
  A water moccasin (D:9)
  5 orc warriors
  3 ice beasts
  5 sky beasts
  4 black bears
  2 phantoms
  A necrophage (D:10)
  4 centaurs
  5 ogres
  A crocodile (D:9)
  5 bullfrogs
  2 big kobolds (D:3)
  A wyvern skeleton (D:10)
  3 jellies
  6 scorpions
  3 killer bees (D:10)
  3 wights (D:10)
  6 howler monkeys
  2 crimson imps
  A centaur zombie (D:7)
  5 orc wizards
  5 hounds
  2 orc priests
  Crazy Yiuf (D:4)
  A bullfrog skeleton (D:6)
  Ijyb (D:1)
  8 worker ants
  2 iguanas
  2 hound skeletons
  A howler monkey zombie (D:5)
  A worker ant zombie (D:10)
  9 gnolls
  8 adders
  4 shadow imps
  2 oozes (D:1)
  An adder skeleton (D:9)
  3 worms
  4 dart slugs
  5 leopard geckos
  24 orcs
  A ball python (D:3)
  7 giant cockroaches
  6 goblins
  5 hobgoblins
  13 jackals
  6 quokkas
  13 bats
  3 frilled lizards
  13 kobolds
  10 rats
244 creatures vanquished.

Vanquished Creatures (others)
  An adder zombie (D:7)
  2 orcs (D:7)
3 creatures vanquished.

Grand Total: 247 creatures vanquished

Notes
Turn   | Place    | Note
-------+----------+-------------------------------------------
     0 | D:1      | Fartwhistle the Tengu Air Elementalist began the quest for the Orb.
     0 | D:1      | Reached XP level 1. HP: 10/10 MP: 4/4
   509 | D:1      | Reached XP level 2. HP: 10/15 MP: 6/6
  1037 | D:1      | Reached skill level 5 in Air Magic
  1037 | D:1      | Reached XP level 3. HP: 18/19 MP: 7/7
  1266 | D:1      | Learned a level 3 spell: Static Discharge
  1269 | D:1      | Learned a level 2 spell: Swiftness
  1919 | D:2      | Reached XP level 4. HP: 22/24 MP: 1/8
  2044 | D:2      | Noticed Ijyb
  2199 | D:1      | Killed Ijyb
  2199 | D:1      | Reached skill level 2 in Conjurations
  2407 | D:2      | Reached skill level 3 in Dodging
  2561 | D:2      | Gained mutation: You can fly. [Tengu growth]
  2561 | D:2      | Reached XP level 5. HP: 23/28 MP: 3/10
  2800 | D:2      | Learned a level 2 spell: Repel Missiles
  3100 | D:3      | Reached skill level 3 in Conjurations
  3100 | D:3      | Reached skill level 6 in Air Magic
  3169 | D:3      | Found a sacrificial altar of Ru.
  3280 | D:3      | Reached skill level 3 in Spellcasting
  3641 | D:3      | Noticed a big kobold
  3641 | D:3      | Noticed a big kobold
  3674 | D:3      | Killed a big kobold
  3674 | D:3      | Reached XP level 6. HP: 18/32 MP: 4/11
  3679 | D:3      | Reached skill level 4 in Conjurations
  4203 | D:3      | Noticed a phantom
  4261 | D:3      | Killed a phantom
  4261 | D:3      | Reached skill level 4 in Dodging
  4261 | D:3      | Reached XP level 7. HP: 19/36 MP: 0/13
  4522 | D:4      | Learned a level 5 spell: Lightning Bolt
  4543 | D:4      | Found Ciuffusk's Jewellery Boutique.
  4640 | D:4      | Found Xyrus's Assorted Antiques.
  4649 | D:4      | Bought a scroll labeled GIZXOH CUNU for 18 gold pieces
  4649 | D:4      | Bought a scroll labeled ZIMUSU FO UKYTH for 18 gold pieces
  4662 | D:4      | Found Xenadif's General Store.
  4677 | D:4      | Bought a scroll of teleportation for 36 gold pieces
  4677 | D:4      | Bought a scroll of blinking for 90 gold pieces
  4774 | D:4      | Found Leczasm's Antique Armour Emporium.
  4794 | D:4      | Found Rikuiclo's Armour Shop.
  4862 | D:4      | Reached skill level 7 in Air Magic
  4949 | D:4      | Found a staircase to the Ecumenical Temple.
  4962 | Temple   | Entered the Ecumenical Temple
  5346 | D:4      | Found a runed door.
  5434 | D:4      | Noticed Crazy Yiuf
  5485 | D:4      | Killed Crazy Yiuf
  5559 | D:5      | Entered Level 5 of the Dungeon
  5575 | D:4      | Reached skill level 4 in Spellcasting
  5575 | D:4      | Reached skill level 5 in Conjurations
  6176 | D:5      | Reached XP level 8. HP: 41/41 MP: 5/15
  6307 | D:5      | Reached skill level 5 in Dodging
  6307 | D:5      | HP: 10/41 [/static electricity (2)]
  6594 | D:5      | Reached skill level 6 in Conjurations
  6811 | D:5      | Reached skill level 8 in Air Magic
  7271 | D:5      | Found a radiant altar of Vehumet.
  7281 | D:5      | Became a worshipper of Vehumet
  7352 | D:6      | Reached skill level 5 in Spellcasting
  7493 | D:6      | Reached skill level 7 in Conjurations
  7780 | D:6      | Reached skill level 6 in Dodging
  7780 | D:6      | Reached XP level 9. HP: 39/45 MP: 0/18
  7919 | D:6      | Found a stormy altar of Qazlal.
  7962 | D:6      | Got a wavering iron amulet
  7971 | D:6      | Identified the amulet "Kuik" {RegenMP rPois Int-5 Slay+2} (You found it on level 6 of the Dungeon)
  8342 | D:7      | Noticed Pikel
  8347 | D:6      | Reached skill level 9 in Air Magic
  8533 | D:7      | Reached skill level 8 in Conjurations
  9039 | D:7      | Reached * piety under Vehumet
  9039 | D:7      | Offered knowledge of Flame Tongue by Vehumet.
  9039 | D:7      | Reached skill level 6 in Spellcasting
  9084 | D:7      | Reached skill level 7 in Dodging
  9347 | D:6      | Killed Pikel
  9347 | D:6      | Reached skill level 9 in Conjurations
  9347 | D:6      | Reached skill level 10 in Air Magic
  9498 | D:7      | Reached XP level 10. HP: 50/50 MP: 1/20
 10150 | D:8      | Noticed an orange crystal statue
 10170 | D:8      | Noticed Gastronok
 10174 | D:8      | Noticed Joseph
 10318 | D:8      | Noticed an obsidian statue
 10335 | D:8      | Got a brightly glowing ring mail
 10481 | D:8      | Found a sparkling altar of Nemelex Xobeh.
 10526 | D:8      | Killed Joseph
 10526 | D:8      | Reached skill level 8 in Dodging
 10915 | D:8      | Identified the +2 ring mail of the Harvest Moon {rPois rN+++ Dex-3} (You found it on level 8 of the Dungeon)
 11144 | D:8      | Killed Gastronok
 11144 | D:8      | Reached skill level 7 in Spellcasting
 11144 | D:8      | Reached skill level 10 in Conjurations
 11144 | D:8      | Reached skill level 11 in Air Magic
 11407 | D:9      | Found a shadowy altar of Dithmenos.
 11408 | D:9      | Found a blossoming altar of Fedhas.
 11414 | D:9      | Found a shattered altar of Ashenzari.
 11531 | D:9      | Reached ** piety under Vehumet
 11531 | D:9      | Reached skill level 9 in Dodging
 11544 | D:9      | Offered knowledge of Throw Flame by Vehumet.
 11690 | D:9      | Reached XP level 11. HP: 54/54 MP: 11/23
 12259 | D:9      | Found a glowing golden altar of the Shining One.
 12299 | D:9      | Reached skill level 8 in Spellcasting
 12480 | D:9      | Reached skill level 11 in Conjurations
 12549 | D:9      | Found a staircase to the Lair.
 12851 | D:9      | Found a staircase to the Orcish Mines.
 13012 | D:10     | Entered Level 10 of the Dungeon
 13014 | D:10     | Offered knowledge of Stone Arrow by Vehumet.
 13263 | D:10     | Reached *** piety under Vehumet
 13404 | D:10     | HP: 9/54 [centaur/arrow (12)]
 13414 | D:10     | HP: 8/54 [electric eel/bolt of electricity (9)]
 13421 | D:10     | HP: 3/54 [poisoned by a killer bee]
 13429 | D:10     | HP: 3/54 [poisoned by a killer bee]
 13762 | D:10     | Reached skill level 12 in Air Magic
 13855 | D:10     | HP: 11/54 [shadow imp/nerve-wracking pain (7)]
 13863 | D:10     | Killed from afar by a shadow imp

Skill      XL: |  1  2  3  4  5  6  7  8  9 10 11 |
---------------+----------------------------------+-----
Air Magic      | 5 6 7 8 10 11 12 | 12.1
Conjurations   | 2 3 4 5 7 9 10 11 | 11.4
Dodging        | 3 4 6 7 9 |  9.9
Spellcasting   | 3 4 5 6 7 8 |  8.4
Short Blades   | |  0.2
Stealth        | |  2.0

Action                   |  1- 3 |  4- 6 |  7- 9 | 10-12 || total
-------------------------+-------+-------+-------+-------++-------
Melee: Short sword       |     4 |       |       |       ||     4
       Dagger            |    66 |    40 |    39 |       ||   145
       Kick              |    12 |     8 |     8 |    41 ||    69
       Peck              |    15 |     4 |     6 |    35 ||    60
       Unarmed           |     1 |       |       |       ||     1
       Staff             |       |       |    15 |   179 ||   194
       Long sword        |       |       |       |    23 ||    23
 Cast: Shock             |    33 |    63 |   206 |   149 ||   451
       Static Discharge  |     2 |    10 |    30 |    57 ||    99
       Swiftness         |     1 |     1 |     3 |       ||     5
       Repel Missiles    |       |     1 |     1 |     1 ||     3
       Lightning Bolt    |       |       |    12 |    29 ||    41
 Abil: Fly               |       |       |     1 |       ||     1
Evoke: Wand              |       |       |       |     3 ||     3
  Use: Scroll            |       |     6 |     9 |     5 ||    20
       Potion            |       |       |       |     1 ||     1
 Stab: Sleeping          |     2 |     6 |     2 |       ||    10
       Distracted        |       |     1 |       |       ||     1
  Eat: Chunk             |     4 |     8 |    18 |    16 ||    46
       Fruit             |       |       |     4 |     4 ||     8
       Beef jerky        |       |       |     2 |     1 ||     3
Armor: Robe              |    20 |     4 |    30 |    61 ||   115
Dodge: Dodged            |    59 |    40 |    83 |   352 ||   534
       Deflected         |       |     1 |     5 |    18 ||    24
       Rpst.: Long sword |       |       |       |     7 ||     7

Vault maps used:
D:1:      sevenhm_arrival_forest_fort_large_2
D:2:      serial_park_tiny_1, corner_web_ring, minmay_hexomino_c4, uniq_iyjb
D:3:      cheibrodos_thug_alley, nicolae_overflow_crystal_walls
D:4:      serial_shops, shop_coins, shop, shop, shop, nicolae_shop_trees,
          uniq_crazy_yiuf_cottage
D:5:      lemuel_coloured_pillars_altar, first_bread, guppyfry_early_orc_mine
D:6:      kennysheep_little_box
D:7:      the_bakery, uniq_pikel
D:8:      minmay_separated_statues, basic_altar, uniq_gastronok, uniq_joseph
D:9:      tso_altar, minitemple, lair_0_dummy, orc_0_dummy
D:10:     serial_shops, shop, corexii_checkpoint_b, grunt_ministairs_11,
          fountainhead
Temple:   eino_narrow_crystal_temple

Table legend:
 A = Turns spent in this place as a percentage of turns spent in the entire game.
 B = Non-inter-level travel turns spent in this place as a percentage of non-inter-level travel turns spent in the entire game.
 C = Inter-level travel turns spent in this place as a percentage of turns spent in this place.
 D = Turns resting spent in this place as a percentage of non-inter-level travel turns spent in this place.
 E = Turns spent auto-exploring this place as a percentage of non-inter-level travel turns spent in this place.
 F = Non-inter-level travel turns spent in this place divided by the number of levels of this place that you've seen.
                   A       B       C       D       E      F
               +-------+-------+-------+-------+-------+----------------------
         Total | 100.0 | 100.0 |   0.9 |   6.7 |   6.5 | 307.6
       Dungeon |  98.1 |  98.1 |   0.9 |   6.8 |   6.4 | 332.0
        Temple |   1.9 |   1.9 |   0.0 |   0.0 |  10.9 |  64.0
               +-------+-------+-------+-------+-------+----------------------

Table legend:
 A = Kills in this place as a percentage of kills in entire the game.
 B = Kills by you in this place as a percentage of kills by you in the entire game.
 C = Kills by friends in this place as a percentage of kills by friends in the entire game.
 D = Other kills in this place as a percentage of other kills in the entire game.
 E = Experience gained in this place as a percentage of experience gained in the entire game.
 F = Experience gained in this place divided by the number of levels of this place that you have seen.
                   A       B       C       D       E      F
               +-------+-------+-------+-------+-------+----------------------
         Total | 100.0 | 100.0 |  -nan |  -nan | 100.0 | 1255.3
       Dungeon | 100.0 | 100.0 |  -nan |  -nan | 100.0 | 1380.8
               +-------+-------+-------+-------+-------+----------------------
